 Dungeon Crawl Stone Soup version 0.26-a0-1191-ge2a0e31ab3 (webtiles) character file.

Game seed: 453178587850480654

140468 HoaS the Wrestler (level 17, -42/152 HPs)
             Began as a Ghoul Gladiator on Dec 28, 2020.
             Was the Champion of Makhleb.
             Killed from afar by Roxanne (51 damage)
             ... with an iron shot
             ... on level 1 of the Spider Nest.
             The game lasted 00:51:47 (22490 turns).

HoaS the Wrestler (Ghoul Gladiator)                Turns: 22490, Time: 00:51:48

Health: -42/152    AC: 29    Str: 24    XL:     17   Next: 30%
Magic:  16/16      EV: 14    Int:  3    God:    Makhleb [******]
Gold:   1506       SH:  5    Dex: 17    Spells: 16/16 levels left

rFire    . . .     SeeInvis .     - Unarmed
rCold    + + .     Faith    .   (no shield)
rNeg     + + +     Spirit   .   g - +3 plate armour {Will+}
rPois    ∞         Reflect  +   b - +2 helmet
rElec    .         Harm     .   f - +2 cloak {rC+}
rCorr    +         Rampage  .   (no gloves)
Will     ++...                  A - +2 pair of boots
Stlth    ..........             a - amulet of reflection
HPRegen  0.00/turn              B - ring of resist corrosion
MPRegen  0.15/turn              p - +6 ring of dexterity (curse)

@: no status effects
A: claws 1, cold resistance 1, negative energy resistance 3, inhibited
regeneration, torment resistance, unbreathing
a: Renounce Religion, Minor Destruction, Lesser Servant of Makhleb, Major
Destruction, Greater Servant of Makhleb


You were on level 1 of the Spider Nest.
You worshipped Makhleb.
Makhleb was exalted by your worship.
You visited 5 branches of the dungeon, and saw 25 of its levels.
You also visited: Ice Cave.

You collected 2555 gold pieces.
You spent 1049 gold pieces at shops.

Inventory:

Missiles
 c - 3 throwing nets (quivered)
 h - 102 poisoned darts
 q - 51 boomerangs
 E - 12 curare-tipped darts
 H - 11 javelins
Armour
 b - a +2 helmet (worn)
 f - a +2 cloak of cold resistance (worn)
 g - a +3 plate armour of willpower (worn)
 A - a +2 pair of boots (worn)
Jewellery
 a - an amulet of reflection (around neck)
 j - an uncursed ring of ice
 p - a cursed +6 ring of dexterity (right claw)
 y - an uncursed ring of protection from fire
 B - a ring of resist corrosion (left claw)
 F - an uncursed ring of flight
Wands
 s - a wand of enslavement (4)
 u - a wand of iceblast (5)
 v - a wand of polymorph (25)
 z - a wand of flame (33)
 G - a wand of disintegration (10)
 L - a wand of paralysis (8)
Scrolls
 e - 4 scrolls of teleportation
 n - 6 scrolls of remove curse
 o - 8 scrolls of fear
 t - 13 scrolls of identify
 I - 3 scrolls of blinking
 J - 2 scrolls of fog
Potions
 d - 4 potions of ambrosia
 i - 18 potions of curing
 k - 10 potions of flight
 l - 5 potions of haste
 m - 3 potions of invisibility
 r - 3 potions of resistance
 w - a potion of cancellation
 x - 3 potions of heal wounds
 C - 6 potions of might


   Skills:
 + Level 14.1 Fighting
 - Level 1.7 Throwing
 + Level 12.0 Armour
 + Level 12.3 Dodging
 * Level 21.2 Unarmed Combat


You had 16 spell levels left.
You didn't know any spells.
Your spell library contained the following spells:

 Spells                   Type           Power        Failure   Level
 Foxfire                  Conj/Fire      0%           99%         1
 Freeze                   Ice            0%           99%         1
 Magic Dart               Conj           0%           99%         1
 Shock                    Conj/Air       0%           99%         1
 Blink                    Tloc           N/A          100%        2
 Call Imp                 Summ           0%           100%        2
 Poisonous Vapours        Pois/Air       0%           100%        2
 Slow                     Hex            0%           100%        2
 Swiftness                Air            0%           100%        2
 Call Canine Familiar     Summ           0%           100%        3
 Confusing Touch          Hex            0%           100%        3
 Conjure Flame            Conj/Fire      0%           100%        3
 Frozen Ramparts          Ice            0%           100%        3
 Gell's Gravitas          Tloc           0%           100%        3
 Inner Flame              Hex/Fire       0%           100%        3
 Lesser Beckoning         Tloc           0%           100%        3
 Mephitic Cloud           Conj/Pois/Air  0%           100%        3
 Ozocubu's Armour         Ice            0%           100%        3
 Summon Guardian Golem    Hex/Summ       0%           100%        3
 Teleport Other           Tloc           0%           100%        3
 Hailstorm                Conj/Ice       0%           100%        4
 Passage of Golubria      Tloc           N/A          100%        4
 Petrify                  Tmut/Erth      0%           100%        4
 Sticky Flame             Conj/Fire      0%           100%        4
 Summon Ice Beast         Ice/Summ       0%           100%        4
 Summon Lightning Spire   Summ/Air       0%           100%        4
 Bolt of Magma            Conj/Fire/Erth 0%           100%        5
 Fireball                 Conj/Fire      0%           100%        5
 Iskenderun's Battlesphe  Conj           0%           100%        5
 Metabolic Englaciation   Hex/Ice        0%           100%        5
 Summon Mana Viper        Hex/Summ       0%           100%        5
 Yara's Violent Unravell  Hex/Tmut       0%           100%        5
 Iron Shot                Conj/Erth      0%           100%        6
 Malign Gateway           Summ/Tloc      0%           100%        7
 Monstrous Menagerie      Summ           0%           100%        7
 Orb of Destruction       Conj           0%           100%        7
 Spellforged Servitor     Conj/Summ      0%           100%        7
 Summon Greater Demon     Summ           0%           100%        7
 Summon Horrible Things   Summ           0%           100%        8


Dungeon Overview and Level Annotations

Branches:
Dungeon (15/15)            Temple (1/1) D:4            Lair (6/6) D:10
 Shoals (0/4) Lair:3       Spider (1/4) Lair:3        Slime (0/5) Lair:5
    Orc (2/2) D:12            Elf (0/3) Orc:2        Vaults (0/5) D:13
 Depths (0/5) D:15          IceCv (visited)

Altars:
Ashenzari
Cheibriados
Dithmenos
Elyvilon
Fedhas
Gozag
Hepliaklqana
Kikubaaqudgha
Makhleb
Nemelex Xobeh
Okawaru
Qazlal
Ru
Sif Muna
Trog
Uskayaw
Vehumet
Wu Jian
Xom
Yredelemnul
Zin
The Shining One
Beogh
Jiyva

Shops:
D:5 !   Orc:2 ([:!

Annotations:
Spider:1 Roxanne


Innate Abilities, Weirdness & Mutations

You thrive by killing the living.
You are immune to poison.
You have sharp fingernails.
Your flesh is cold resistant. (rC+)
You are immune to negative energy. (rN+++)
You do not regenerate when monsters are visible.
You are immune to unholy pain and torment.
You can survive without breathing.


Message History

Roxanne mumbles some strange words.
The bolt of magma hits you!!!
You claw Roxanne! x2
Roxanne is heavily damaged.
Roxanne mumbles some strange words.
The crystal spear misses you.
You claw Roxanne!
Roxanne is heavily damaged.
You scratch Roxanne.
Roxanne is heavily damaged.
Roxanne casts a spell.
The crystal spear hits you!!!
* * * LOW HITPOINT WARNING * * *
You eviscerate Roxanne!!!
Roxanne is almost destroyed.
You scratch Roxanne but do no damage.
Roxanne is almost destroyed.
Roxanne casts a spell.
The iron shot hits you!!!
You die...

###.#.###.......#
##..#..#........# ......
..†.##.#........##......
...†.#..........#.......
......#.†..†............
.......#...†............
.............#..........
......#†##...##.........
......#.#####...@.......
.....#### ###..8....##
.....# #......## ...##
.#..#.## . #.##...# .#
.^.# #. ...# .. ....


You could see Roxanne.

Vanquished Creatures
  Rupert (D:12)
  Kirke (Lair:5)
  A frost giant (IceCv)
  An emperor scorpion (Spider:1)
  A ghoul (D:14)
  A dire elephant (Lair:6)
  Snorg (Orc:1)
  A vault guard (D:13)
  5 boulder beetles
  Erolcha (D:12)
  3 hydras
  3 catoblepae
  2 centaur warriors
  A tengu warrior (D:15)
  3 death knights
  An ogre mage (D:15)
  12 two-headed ogres
  18 death yaks
  A deep troll shaman (Lair:6)
  Urug (Orc:1)
  Nergalle (Lair:1)
  Sonja (Lair:5)
  8 skeletal warriors
  3 unseen horrors
  3 wizards (D:13)
  A necromancer (D:13)
  2 wolf spiders (Spider:1)
  4 orc knights
  3 orb spiders (Spider:1)
  2 manticores
  A manticore (shapeshifter) (D:14)
  An oklob plant (Lair:3)
  An orc sorcerer (Orc:2)
  17 ugly things
  3 cyclopes
  8 elephants
  12 black mambas
  2 ice statues (IceCv)
  A moth of wrath (Spider:1)
  5 centaur zombies
  A merfolk siren (Lair:3)
  12 cane toads
  A torpor snail (Lair:5)
  A gargoyle (D:11)
  5 centaur skeletons
  3 yaktaurs (D:15)
  2 demonic crawlers (Spider:1)
  12 komodo dragons
  2 rime drakes
  An efreet (D:14)
  A kobold demonologist (D:15)
  A guardian mummy (D:14)
  8 trolls
  3 freezing wraiths
  3 tengu conjurers
  A queen bee (shapeshifter) (D:15)
  16 polar bears
  A polar bear (shapeshifter) (D:15)
  Prince Ribbit (D:5)
  11 jumping spiders
  32 blink frogs
  8 slime creatures (D:15)
  6 dream sheep (Lair:3)
  11 redbacks
  55 yaks
  6 tarantellas (Spider:1)
  3 wraiths
  A basilisk (shapeshifter) (D:15)
  A vampire (D:15)
  6 wyverns
  4 basilisks
  A golden eye (shapeshifter) (D:12)
  A steam dragon (D:14)
  A vampire mosquito (D:11)
  9 wargs
  21 humans (D:13)
  2 acid dragons
  16 water moccasins
  4 phantoms
  A hornet zombie (D:14)
  40 orc warriors
  3 eyes of draining
  2 sky beasts
  A black bear (Lair:6)
  11 ice beasts
  39 wolves
  A black bear (shapeshifter) (D:15)
  5 boggarts (D:15)
  3 necrophages
  12 ogres
  28 centaurs
  3 big kobolds
  19 bullfrogs
  A wyvern skeleton (D:14)
  6 scorpions
  9 killer bees
  18 wights
  An electric eel (Lair:5)
  9 howler monkeys
  A crimson imp (D:6)
  3 bullfrog zombies
  4 hounds
  3 jellies
  Crazy Yiuf (D:6)
  21 orc priests
  3 iguanas
  2 bullfrog skeletons
  27 orc wizards
  16 worker ants
  Natasha (thrice) (D:4)
  A hound skeleton (D:11)
  5 mummies (D:14)
  A worker ant zombie (D:9)
  6 gnolls
  16 adders
  A shadow imp (D:10)
  3 white imps
  4 ufetubi
  2 oozes (D:2)
  2 adder skeletons
  An adder zombie (D:7)
  3 worms
  2 dart slugs
  5 leopard geckos
  94 orcs
  5 giant cockroaches
  6 goblins
  3 hobgoblins (D:1)
  14 jackals
  18 kobolds
  2 quokkas
  A ball python (D:5)
  A bat (D:3)
  7 frilled lizards
  2 jackal skeletons (D:4)
  2 leopard gecko skeletons
  A quokka skeleton (D:5)
  A quokka zombie (D:5)
  6 rats
923 creatures vanquished.

Vanquished Creatures (collateral kills)
  A basilisk (Lair:6)
1 creature vanquished.

Vanquished Creatures (others)
  A tarantella (Spider:1)
  An orc warrior (Orc:2)
  A kobold (D:10)
  5 bushes
  41 fungi
  55 plants
  A withered plant (D:14)
105 creatures vanquished.

Grand Total: 1029 creatures vanquished

Notes
Turn   | Place    | Note
-------+----------+-------------------------------------------
     0 | D:1      | HoaS the Ghoul Gladiator began the quest for the Orb.
     0 | D:1      | Reached XP level 1. HP: 17/17 MP: 0/0
   173 | D:1      | Reached XP level 2. HP: 18/24 MP: 1/1
   176 | D:1      | Reached skill level 4 in Unarmed Combat
   665 | D:2      | Noticed a phantom
   798 | D:2      | Reached XP level 3. HP: 29/29 MP: 2/2
   872 | D:2      | Found an opulent altar of Gozag.
   969 | D:2      | Killed a phantom
   970 | D:2      | Reached skill level 6 in Unarmed Combat
   970 | D:2      | Reached XP level 4. HP: 18/36 MP: 3/3
   970 | D:2      | Reached XP level 5. HP: 21/41 MP: 4/4
  2048 | D:3      | Reached skill level 7 in Unarmed Combat
  2048 | D:3      | Reached XP level 6. HP: 42/48 MP: 5/5
  2389 | D:3      | Found an ancient bone altar of Kikubaaqudgha.
  2585 | D:4      | Noticed Natasha
  2586 | D:4      | Found a staircase to the Ecumenical Temple.
  2596 | D:4      | Killed Natasha
  2607 | Temple   | Entered the Ecumenical Temple
  2891 | Temple   | Became a worshipper of Makhleb the Destroyer
  2942 | D:4      | Noticed Natasha
  2946 | D:4      | Killed Natasha
  2991 | D:4      | Reached skill level 8 in Unarmed Combat
  3080 | D:4      | Noticed Natasha
  3092 | D:4      | Killed Natasha
  3160 | D:4      | Reached * piety under Makhleb
  3161 | D:4      | Reached XP level 7. HP: 55/55 MP: 6/6
  3287 | D:4      | Reached skill level 9 in Unarmed Combat
  3422 | D:5      | Entered Level 5 of the Dungeon
  3983 | D:5      | Found Runerim's Distillery.
  3991 | D:5      | Noticed Prince Ribbit
  3993 | D:5      | Bought a potion of heal wounds for 65 gold pieces
  4004 | D:4      | Reached skill level 10 in Unarmed Combat
  4004 | D:4      | Reached XP level 8. HP: 61/61 MP: 7/7
  4073 | D:5      | Killed Prince Ribbit
  4196 | D:5      | Found a hide-covered altar of Uskayaw.
  4226 | D:5      | Reached skill level 11 in Unarmed Combat
  4279 | D:5      | Reached ** piety under Makhleb
  4780 | D:5      | Reached skill level 12 in Unarmed Combat
  4809 | D:6      | Reached XP level 9. HP: 68/68 MP: 8/8
  4982 | D:6      | Reached skill level 1 in Armour
  5347 | D:6      | Found a white marble altar of Elyvilon.
  5422 | D:6      | Found an iron altar of Okawaru.
  5546 | D:6      | Reached *** piety under Makhleb
  5876 | D:6      | Found a runed translucent door.
  5877 | D:6      | Noticed Crazy Yiuf
  5883 | D:6      | Killed Crazy Yiuf
  6303 | D:7      | Found a blossoming altar of Fedhas.
  6303 | D:7      | Found a basalt altar of Yredelemnul.
  6508 | D:8      | Reached skill level 13 in Unarmed Combat
  6514 | D:8      | Reached **** piety under Makhleb
  6641 | D:8      | Found a glowing golden altar of the Shining One.
  6644 | D:8      | Found a sparkling altar of Nemelex Xobeh.
  6644 | D:8      | Noticed an eight-headed hydra
  6659 | D:8      | Found a transporter.
  6665 | D:8      | Found a transporter.
  6881 | D:9      | Noticed a cyclops
  6920 | D:9      | Killed a cyclops
  6921 | D:9      | Reached XP level 10. HP: 80/80 MP: 9/9
  6930 | D:9      | Reached skill level 5 in Fighting
  7045 | D:9      | Found a glowing golden altar of the Shining One.
  7045 | D:9      | Noticed a two-headed ogre
  7068 | D:9      | Killed a two-headed ogre
  7069 | D:9      | Reached skill level 5 in Dodging
  7490 | D:9      | Found a broken altar of Ashenzari.
  7509 | D:10     | Entered Level 10 of the Dungeon
  7527 | D:9      | Reached skill level 14 in Unarmed Combat
  7575 | D:10     | Killed an unseen horror
  7588 | D:10     | Reached ***** piety under Makhleb
  7618 | D:10     | Found a staircase to the Lair.
  7626 | D:10     | Reached XP level 11. HP: 90/91 MP: 10/10
  7665 | D:10     | Reached skill level 5 in Armour
  8288 | Lair:1   | Entered Level 1 of the Lair of Beasts
  8563 | Lair:1   | Found a frozen archway.
  8615 | Lair:1   | Reached skill level 15 in Unarmed Combat
  8646 | IceCv    | Entered an ice cave
  8767 | IceCv    | Reached XP level 12. HP: 101/101 MP: 11/11
  9285 | IceCv    | Noticed a frost giant
  9306 | IceCv    | Killed a frost giant
  9746 | Lair:1   | Noticed Nergalle
  9762 | Lair:1   | Killed Nergalle
  9763 | Lair:1   | Reached skill level 16 in Unarmed Combat
 10369 | Lair:2   | Reached ****** piety under Makhleb
 10436 | Lair:2   | Reached XP level 13. HP: 72/111 MP: 12/12
 11099 | Lair:3   | You fall into a shaft and drop 1 floor!
 11283 | Lair:3   | Found a staircase to the Shoals.
 11395 | Lair:3   | Reached skill level 10 in Fighting
 11395 | Lair:3   | Reached skill level 17 in Unarmed Combat
 11914 | Lair:3   | Found a hole to the Spider Nest.
 12588 | Lair:3   | Reached XP level 14. HP: 122/122 MP: 13/13
 13493 | Lair:5   | You fall into a shaft and drop 1 floor!
 13493 | Lair:6   | Entered Level 6 of the Lair of Beasts
 13508 | Lair:6   | Reached skill level 18 in Unarmed Combat
 13729 | Lair:6   | Reached skill level 10 in Dodging
 14049 | Lair:5   | Noticed Sonja
 14054 | Lair:5   | Killed Sonja
 14142 | Lair:5   | Found a viscous altar of Jiyva.
 14142 | Lair:5   | Found a staircase to the Slime Pits.
 14259 | Lair:5   | Reached XP level 15. HP: 132/132 MP: 14/14
 14459 | Lair:5   | Reached skill level 10 in Armour
 14505 | Lair:5   | Noticed Kirke
 14514 | Lair:5   | Killed Kirke
 14732 | Lair:6   | Identified the Incunabulum of Ice and Weightlessness
 14791 | Lair:6   | Reached skill level 19 in Unarmed Combat
 15161 | Lair:6   | Identified the Papyrus of the Warped Entourage
 16903 | D:12     | Found a staircase to the Orcish Mines.
 17173 | Orc:1    | Entered Level 1 of the Orcish Mines
 17173 | Orc:1    | Noticed Urug
 17181 | Orc:1    | Killed Urug
 17325 | Orc:1    | Found a runed translucent door.
 17519 | Orc:1    | Found a roughly hewn altar of Beogh.
 17580 | Orc:2    | Entered Level 2 of the Orcish Mines
 17699 | Orc:2    | Noticed Snorg
 17727 | Orc:1    | Killed Snorg
 18486 | Orc:2    | Found Doibayge's Book Emporium.
 18486 | Orc:2    | Found Aweirer's Antique Armour Boutique.
 18488 | Orc:2    | Found Nuagip's Antique Weapon Shop.
 18490 | Orc:2    | Found Liprajaw's Distillery.
 18825 | Orc:2    | Found a staircase to the Elven Halls.
 18867 | Orc:2    | Bought 2 potions of invisibility for 192 gold pieces
 18867 | Orc:2    | Bought 2 potions of curing for 72 gold pieces
 18867 | Orc:2    | Bought a potion of curing for 36 gold pieces
 18867 | Orc:2    | Bought a potion of heal wounds for 60 gold pieces
 18870 | Orc:2    | Bought a runed plate armour for 624 gold pieces
 18964 | D:13     | Noticed Erolcha
 18978 | D:12     | Reached XP level 16. HP: 141/141 MP: 15/15
 18979 | D:13     | Noticed Rupert
 19261 | D:12     | Killed Erolcha
 19262 | D:12     | Reached skill level 20 in Unarmed Combat
 19317 | D:12     | Paralysed by Rupert for 3 turns
 19332 | D:12     | Killed Rupert
 19409 | D:13     | Found a shadowy altar of Dithmenos.
 19805 | D:13     | Found a gate to the Vaults.
 20105 | D:14     | Found a sacrificial altar of Ru.
 20855 | D:15     | Entered Level 15 of the Dungeon
 21430 | D:15     | Reached XP level 17. HP: 151/151 MP: 16/16
 21588 | D:15     | Reached skill level 21 in Unarmed Combat
 21817 | D:15     | Found a staircase to the Depths.
 21996 | Spider:1 | Entered Level 1 of the Spider Nest
 22403 | Spider:1 | Noticed Roxanne
 22490 | Spider:1 | Killed from afar by Roxanne

Illustrated notes

Levels and vault maps discovered:
D:1:      onia_arrival_mini_spirals, layout_loops_cross,
          minmay_misc_feat_nine_boxes, minmay_statues_item
D:2:      wander_river, layout_loops_ring,
          nicolae_gozag_cash_rules_everything_around_me, glass_columns_a
D:3:      layout_basic, overflow_temple_1_default
D:4:      layout_cave_pools, temple_hall, minmay_pentomino_pile, uniq_natasha
D:5:      minmay_chambers_of_threes, layout_gridville, kennysheep_mini,
          serial_shops, nicolae_shop_statue_plus, uniq_prince_ribbit1
D:6:      layout_cave_pods, okawaru_altar_gauntlet_db, kennysheep_little_box,
          minmay_fire_ice_demons, uniq_crazy_yiuf_cottage
D:7:      layout_rooms, gammafunk_temple_overflow_wave
D:8:      layout_cave_pools, gammafunk_temple_overflow_arena
D:9:      layout_basic, lemuel_round_altar, basic_altar
D:10:     layout_loops_ring, erik_lair_orcish_takeover,
          chequers_serial_rivers_room_b, nicolae_water_bricks
D:11:     layout_rooms, serial_co_window_serial, co_window_of_opportunity_a,
          co_window_paths_a, co_window_of_opportunity_a,
          co_window_of_opportunity_a, co_window_corner_a,
          co_window_unsneaky_path_a, co_window_broadway_b, co_window_broadway_a,
          co_window_4corner_a, co_window_sun, minmay_misc_feat_four_crosses,
          minmay_radiant
D:12:     layout_cave_pools, david_orc_1_choice
D:13:     layout_cave_pools, grunt_vaults_entry_tiered, basic_altar,
          uniq_erolcha, uniq_rupert
D:14:     layout_gridville, nicolae_ru_sacrificial_ziggurat, serial_undead,
          serial_undead_c, serial_undead_d, serial_undead_f, serial_undead_a,
          statue_in_the_mist_lemuel, chequers_serial_rivers_marsh
D:15:     gammafunk_enter_depths_forms, layout_irregular_city,
          chequers_decorated_corner, minmay_misc_feat_more_columns
Temple:   minmay_temple_bridge_abc
Lair:1:   layout_regular_city, portal_ice_cave_entry_ice_beasts,
          infiniplex_staircase_pool_2, uniq_nergalle
Lair:2:   layout_regular_city
Lair:3:   nzn_winding_woodlands_stair_cross [nzn_winding_woodlands_5x15_default,
          nzn_winding_woodlands_center_diamonds,
          nzn_winding_woodlands_5x15_cabin, nzn_winding_woodlands_5x5_open_star,
          nzn_winding_woodlands_hourglass,
          nzn_winding_woodlands_5x15_split_checker,
          nzn_winding_woodlands_center_garden, nzn_winding_woodlands_5x15_eye],
          layout_loops_ring, elwin_shoals_entry_rooms,
          nicolae_spider_entry_tight_spaces, minmay_lair_oklob_bushes
Lair:4:   layout_big_grid
Lair:5:   layout_regular_city, slime_altar_1, serial_bayou_shore_a, uniq_sonja,
          uniq_kirke
Lair:6:   grunt_lair_end_beastmaster, layout_loops_ring, minivault_11
Spider:1: layout_chambers, uniq_roxanne, uniq_asterion
Orc:1:    layout_caves, lightli_church_of_beogh, uniq_urug
Orc:2:    st_orc_rangers, layout_caves, uniq_snorg

Skill      XL: |  1  2  3  4  5  6  7  8  9 10 11 12 13 14 15 16 17 |
---------------+----------------------------------------------------+-----
Unarmed Combat | 4 6 7 8 10 12 13 14 15 16 17 18 19 20 21 | 21.2
Dodging        | 4 5 6 8 9 10 11 12 | 12.3
Armour         | 3 4 6 7 8 9 10 11 12 | 12.0
Fighting       | 4 6 8 9 10 11 12 13 14 | 14.1
Throwing       | |  1.7

Action                   |  1- 3 |  4- 6 |  7- 9 | 10-12 | 13-15 | 16-18 || total
-------------------------+-------+-------+-------+-------+-------+-------++-------
Melee: Unarmed           |    98 |   170 |   381 |   717 |  1392 |   701 ||  3459
       Punch             |     1 |     3 |    20 |    49 |   161 |    95 ||   329
Throw: Boomerang         |       |       |     2 |       |       |       ||     2
       Dart              |       |       |    18 |       |       |       ||    18
       Throwing net      |       |       |     2 |     3 |       |     1 ||     6
Evoke: Wand              |       |       |       |       |    10 |     8 ||    18
  Use: Scroll            |     8 |     7 |    11 |     2 |    10 |     3 ||    41
       Potion            |     1 |     1 |       |     2 |     2 |     2 ||     8
 Stab: Sleeping          |       |       |     1 |       |       |       ||     1
       Held in net/web   |       |       |       |     4 |       |     2 ||     6
       Petrified         |       |       |       |       |     4 |       ||     4
       Petrifying        |       |       |       |       |     2 |       ||     2
Armor: Leather armour    |    12 |       |       |       |       |       ||    12
       Ring mail         |     2 |       |       |       |       |       ||     2
       Scale mail        |     8 |    69 |    36 |       |       |       ||   113
       Plate armour      |       |       |   113 |   473 |   619 |   318 ||  1523
Dodge: Dodged            |    46 |   102 |   117 |   347 |   691 |   316 ||  1619
Block: Other             |     4 |    41 |    70 |   209 |   259 |   137 ||   720
       Reflection        |       |     1 |     6 |     3 |    21 |    16 ||    47

Table legend: (Time is in decaauts)
 A = Elapsed time spent in this place.
 B = Non-inter-level travel time spent in this place.
 C = Inter-level travel time spent in this place.
 D = Time resting spent in this place.
 E = Time spent auto-exploring this place.
 F = Levels seen in this place.
 G = Mean time per level.
                   A        B        C        D        E       F      G
               +--------+--------+--------+--------+--------+-----+--------+
         Total |  21431 |  20123 |   1308 |   1649 |  12963 |  26 |  824.3 |
       Dungeon |  12473 |  11600 |    873 |    870 |   7780 |  15 |  831.5 |
        Temple |    305 |    289 |     16 |    110 |    171 |   1 |  305.0 |
          Lair |   5533 |   5193 |    340 |    286 |   3595 |   6 |  922.2 |
   Spider Nest |    445 |    445 |      0 |      0 |    283 |   1 |  445.0 |
  Orcish Mines |   1654 |   1576 |     78 |    143 |    792 |   2 |  827.0 |
      Ice Cave |   1018 |   1018 |      0 |    240 |    342 |   1 | 1018.0 |
               +--------+--------+--------+--------+--------+-----+--------+

Top non-repeatable levels by time:
  Lair:3: 1632 daAuts
     D:6: 1277 daAuts
     D:5: 1253 daAuts
    D:11: 1124 daAuts
     D:2: 1069 daAuts
   IceCv: 1018 daAuts
  Lair:6: 894 daAuts
    D:15: 893 daAuts
    D:12: 874 daAuts
    D:10: 872 daAuts
   Orc:2: 867 daAuts
  Lair:2: 856 daAuts
    D:14: 839 daAuts
   Orc:1: 786 daAuts
     D:3: 781 daAuts
